 Dungeon Crawl Stone Soup version 0.31-a0-175-g9f7f995f2b (webtiles) character file.

Game seed: 2603046379871763528

9 pokeman the Magician (level 2, -1/16 HPs)
             Began as a Deep Elf Hedge Wizard on June 16, 2023.
             Slain by a quokka (3 damage)
             ... on level 1 of the Dungeon.
             The game lasted 00:00:38 (355 turns).

pokeman the Magician (Deep Elf Hedge Wizard)         Turns: 355, Time: 00:00:39

Health: -1/16      AC:  2    Str:  7    XL:     2   Next: 3%
Magic:  2/9        EV: 12    Int: 18    God:
Gold:   6          SH:  0    Dex: 14    Spells: 9/10 levels left

rFire   . . .        a - +0 dagger
rCold   . . .        (no shield)
rNeg    . . .        b - +0 robe
rPois   .            c - +0 hat
rElec   .            (no cloak)
rCorr   .            (no gloves)
SInv    .            (no boots)
Will    .....        (no amulet)
Stlth   ++           (no ring)
HPRegen 0.22/turn    (no ring)
MPRegen 0.11/turn

%: no passive effects
@: no status effects
A: no striking features
a: no special abilities


You were on level 1 of the Dungeon.
You visited 1 branch of the dungeon, and saw 1 of its levels.

You collected 6 gold pieces.

Inventory:

Hand Weapons
 a - a +0 dagger (weapon)
Armour
 b - a +0 robe (worn)
 c - a +0 hat (worn)
Scrolls
 e - a scroll of immolation {unknown}
Potions
 d - a potion of magic
 f - a potion of enlightenment {unknown}


   Skills:
 + Level 0.3 Fighting
 + Level 0.3 Armour
 - Level 2.4 Dodging
 - Level 2.4 Stealth
 * Level 4.7 Spellcasting
 + Level 1.3 Conjurations
 - Level 1.1 Summonings
 - Level 1.1 Translocations


You had 9 spell levels left.
You knew the following spells:

 Your Spells              Type           Power      Damage    Failure   Level
a - Magic Dart            Conj           36%        1d4       8%          1

Your spell library contained the following spells:

 Spells                   Type           Power      Damage    Failure   Level
 Blink                    Tloc           16%        N/A       13%         2
 Call Imp                 Summ           16%        N/A       13%         2
 Slow                     Hex            16%        N/A       14%         1
 Cigotuvi's Dreadful Rot  Necr/Pois/Air  8%         N/A       21%         2
 Mephitic Cloud           Conj/Pois/Air  5%         N/A       34%         3


Dungeon Overview and Level Annotations

Branches:
Dungeon (1/15)

Altars:


Message History

You closely miss the quokka.
The quokka is heavily wounded.
The quokka closely misses you.
You hit the quokka but do no damage.
The quokka is heavily wounded.
The quokka bites you. The quokka closely misses you.
You hit the quokka but do no damage.
The quokka is heavily wounded.
The quokka completely misses you.
You hit the quokka but do no damage.
The quokka is heavily wounded.
The quokka barely misses you.
You hit the quokka but do no damage.
The quokka is heavily wounded.
The quokka bites you.
You hit the quokka.
The quokka is almost dead.
The quokka bites you.
You miss the quokka.
The quokka is almost dead.
The quokka closely misses you. The quokka bites you.
You closely miss the quokka.
The quokka is almost dead.
The quokka twitches its whiskers.
The quokka bites you.
You closely miss the quokka.
The quokka is almost dead.
The quokka completely misses you.
You closely miss the quokka.
The quokka is almost dead.
The quokka bites you but does no damage.
You hit the quokka but do no damage.
The quokka is almost dead.
The quokka bites you.
You closely miss the quokka.
The quokka is almost dead.
The quokka bites you.
* * * LOW HITPOINT WARNING * * *
The quokka bites you.
You die...

## #####....
#.r......
#@#######
#######........
+........######.
#######.........
#...####..
##........ .. ..
#...##.†. . .(
###........ #
#.. #....####..


You could see a quokka.

Vanquished Creatures
  An endoplasm (D:1)
  A giant cockroach (D:1)
  A goblin (D:1)
  2 hobgoblins (D:1)
  A kobold (D:1)
  A rat (D:1)
7 creatures vanquished.

Notes
Turn   | Place    | Note
-------+----------+-------------------------------------------
     0 | D:1      | pokeman the Deep Elf Hedge Wizard began the quest for the
                  | Orb.
     0 | D:1      | Reached XP level 1. HP: 10/10 MP: 7/7
   322 | D:1      | Reached XP level 2. HP: 15/16 MP: 1/9
   355 | D:1      | Slain by a quokka

Illustrated notes

Levels and vault maps discovered:
D:1:      mainiacjoe_arrival_reflecting_pool, layout_basic,
          hangedman_decor_growths, chequers_serial_rivers_large_a,
          minmay_misc_feat_more_columns

Action                     || total
---------------------------++-------
  Melee: Dagger            ||    27
   Cast: Magic Dart        ||    30
 Armour: Robe              ||     4
  Dodge: Dodged            ||    21

Table legend: (Time is in decaauts)
 A = Elapsed time spent in this place.
 B = Non-inter-level travel time spent in this place.
 C = Inter-level travel time spent in this place.
 D = Time resting spent in this place.
 E = Time spent auto-exploring this place.
 F = Levels seen in this place.
 G = Mean time per level.
                   A        B        C        D        E       F      G
               +--------+--------+--------+--------+--------+-----+--------+
         Total |    355 |    355 |      0 |      0 |    282 |   1 |  355.0 |
       Dungeon |    355 |    355 |      0 |      0 |    282 |   1 |  355.0 |
               +--------+--------+--------+--------+--------+-----+--------+

Top non-repeatable levels by time:
     D:1: 355 daAuts
